 Dungeon Crawl Stone Soup version 0.23.2-33-g5129a83184 (webtiles) character file.

Game seed: 3165793269491294262

90 Folque the Conjurer (level 4, -2/35 HPs)
             Began as a Demigod Conjurer on July 9, 2019.
             Slain by an orc wizard
             ... wielding a +0 dagger
              (6 damage)
             ... on level 4 of the Dungeon.
             The game lasted 00:06:33 (2190 turns).

Folque the Conjurer (Demigod Conjurer)              Turns: 2190, Time: 00:06:33

Health: -2/35      AC:  3    Str: 16    XL:     4   Next: 11%
Magic:  0/10       EV: 12    Int: 21    God:
Gold:   121        SH:  0    Dex: 16    Spells: 2/8 levels left

rFire    . . .     SeeInvis .   f - +0 dagger
rCold    . . .     Gourm    .   (no shield)
rNeg     . . .     Faith    .   a - +0 robe
rPois    .         Spirit   .   (no helmet)
rElec    .         Reflect  .   (no cloak)
rCorr    .         Harm     .   k - +0 pair of gloves
MR       .....                  (no boots)
Stlth    ++........             (no amulet)
HPRegen  0.11/turn              (no ring)
MPRegen  0.12/turn              (no ring)

@: mighty, hasted, very quick
A: high mp 1
a: no special abilities


You were on level 4 of the Dungeon.
You were not hungry.

You visited 1 branch of the dungeon, and saw 4 of its levels.

You collected 121 gold pieces.

Inventory:

Hand Weapons
 f - a +0 dagger (weapon)
Missiles
 g - 5 javelins (quivered)
 p - 2 arrows
Armour
 a - a +0 robe (worn)
 k - a +0 pair of gloves (worn)
 o - a +0 helmet
Jewellery
 i - a +4 ring of strength {unknown}
Scrolls
 b - a scroll of identify {unknown}
 d - a scroll of enchant armour {unknown}
 e - 3 scrolls of teleportation {unknown}
 h - 2 scrolls of remove curse
Comestibles
 c - a ration
 n - 6 chunks of flesh


   Skills:
 - Level 1.0 Fighting
 - Level 1.7 Dodging
 - Level 1.7 Stealth
 * Level 2.7 Spellcasting
 - Level 4.3 Conjurations
 + Level 0.8 Hexes


You had 2 spell levels left.
You knew the following spells:

 Your Spells              Type           Power        Failure   Level  Hunger
a - Magic Dart            Conj           ###.         2%          1    None
b - Searing Ray           Conj           ###...       3%          2    ##.....
c - Dazzling Spray        Conj/Hex       ##....       14%         3    ###....

Your spell library contained the following spells:

 Spells                   Type           Power        Failure   Level  Hunger
 Apportation              Tloc           #.....       14%         1    None
 Summon Butterflies       Summ           #.......     14%         1    None
 Iskenderun's Mystic Bla  Conj           ###.....     22%         4    ####...
 Tukima's Dance           Hex            #.......     28%         3    ###....
 Lesser Beckoning         Tloc           #.........   38%         3    ###....
 Fulminant Prism          Conj/Hex       ##........   43%         4    ####...
 Force Lance              Conj/Tloc      ##......     50%         4    ####...
 Alistair's Intoxication  Tmut/Pois      #.......     98%         5    ######.
 Invisibility             Hex            #.......     100%        6    #######


Dungeon Overview and Level Annotations

Branches:
Dungeon (4/15)
 Temple: D:4-7

Annotations:
D:3 3 runed translucent doors, Thomus's ghost, amateur MiBe


Innate Abilities, Weirdness & Mutations

You have an increased reservoir of magic. (+10% MP)


Message History

The orc wizard hits you with a +0 dagger.
* * * LOW HITPOINT WARNING * * *
The orc wizard gestures wildly while chanting.
The orc wizard seems to speed up.
The orc wizard hits you with a +0 dagger.
* * * LOW HITPOINT WARNING * * *
You feel better. The orc wizard misses you.
You aren't carrying any items that you can evoke.
Okay, then.
As you read the scroll labeled EBEVITIHAECW, it crumbles to dust.
You feel blessed for a moment.
It was a scroll of remove curse.
The orc wizard hits you but does no damage.
The orc wizard hits you with a +0 dagger.
* * * LOW HITPOINT WARNING * * *
It was a potion of haste.
You feel yourself speed up.
The orc wizard hits you but does no damage.
It was a potion of might.
You feel very mighty all of a sudden.
The orc wizard hits you with a +0 dagger.
You die...

.. .. .# .## # ..
#...####### .#
.......@oo##.####.#
P...P####oo<......#
##. #.##.####.# #o.
... #..#.### #.o#.#
#..#.# #..#..
#..#..


You could see 2 orc wizards and 2 orcs.

Vanquished Creatures
  2 adders
  An ooze (D:1)
  2 worms (D:2)
  A dart slug (D:3)
  A leopard gecko (D:2)
  2 orcs
  8 bats
  2 giant cockroaches
  7 goblins
  5 hobgoblins
  6 jackals
  6 kobolds
  2 quokkas
  3 frilled lizards
  4 rats
52 creatures vanquished.

Notes
Turn   | Place    | Note
-------+----------+-------------------------------------------
     0 | D:1      | Folque the Demigod Conjurer began the quest for the Orb.
     0 | D:1      | Reached XP level 1. HP: 14/14 MP: 5/5
   254 | D:1      | Reached XP level 2. HP: 22/22 MP: 2/7
   256 | D:1      | Reached skill level 1 in Fighting
   268 | D:1      | Learned a level 2 spell: Searing Ray
   439 | D:1      | Reached skill level 4 in Conjurations
   741 | D:2      | Reached XP level 3. HP: 28/28 MP: 2/8
   746 | D:2      | Learned a level 3 spell: Dazzling Spray
  1853 | D:3      | Found a runed translucent gate.
  1853 | D:3      | Noticed Thomus's ghost (amateur MiBe)
  1854 | D:3      | Found a runed translucent gate.
  1855 | D:3      | Found a roughly hewn altar of Beogh.
  1855 | D:3      | Found a runed translucent gate.
  2047 | D:3      | Reached XP level 4. HP: 35/35 MP: 6/10
  2130 | D:3      | Noticed a centaur
  2190 | D:4      | Slain by an orc wizard

Skill      XL: |  1  2 |
---------------+-------+-----
Fighting       | 1 |  1.0
Spellcasting   | 2 |  2.7
Conjurations   | 4 |  4.3
Dodging        | |  1.7
Stealth        | |  1.7
Hexes          | |  0.8

Action                   |  1- 3 |  4- 6 || total
-------------------------+-------+-------++-------
Melee: Unarmed           |     6 |       ||     6
       Dagger            |    63 |    23 ||    86
 Cast: Magic Dart        |    46 |     2 ||    48
       Searing Ray       |     7 |     2 ||     9
       Dazzling Spray    |     2 |     3 ||     5
  Use: Potion            |       |     4 ||     4
       Scroll            |       |     1 ||     1
 Stab: Sleeping          |     9 |     1 ||    10
       Invisible         |       |     1 ||     1
  Eat: Chunk             |     4 |     1 ||     5
Armor: Robe              |    13 |    12 ||    25
Dodge: Dodged            |    59 |    34 ||    93
